 Dungeon Crawl Stone Soup version 0.23.2-1-ga50397a (webtiles) character file.

Game seed: 17229420174899033057

53 vuolankoinen the Vexing (level 3, 0/15 HPs)
             Began as a Felid Enchanter on May 1, 2019.
             Succumbed to a goblin's poison
             ... on level 2 of the Dungeon.
             The game lasted 00:07:20 (2061 turns).

vuolankoinen the Vexing (Felid Enchanter)           Turns: 2061, Time: 00:07:21

Health: 0/15       AC:  1    Str:  5    XL:     3   Next: 62%
Magic:  4/7        EV: 18    Int: 16    God:
Gold:   134        SH:  0    Dex: 16    Spells: 2/6 levels left
                                        Lives:  0   Deaths: 0

rFire    . . .     SeeInvis +     - Unarmed
rCold    . . .     Gourm    .   (shield unavailable)
rNeg     . . .     Faith    .   (armour unavailable)
rPois    .         Spirit   .   (helmet unavailable)
rElec    .         Reflect  .   (cloak unavailable)
rCorr    .         Harm     .   (gloves unavailable)
MR       .....                  (boots unavailable)
Stlth    +++.......             (no amulet)
HPRegen  0.05/turn              (no ring)
MPRegen  0.10/turn              (no ring)

@: lethally poisoned (0 -> -18), quick
A: very small, no armour, no weapons or thrown items, stealth, claws 1, fangs 3,
see invisible, carnivore, speed 1, shaggy fur 1, slow metabolism 1, sharp paws
a: no special abilities


You were on level 2 of the Dungeon.
You were completely stuffed.

You visited 1 branch of the dungeon, and saw 2 of its levels.

You collected 134 gold pieces.

Inventory:

Scrolls
 a - 2 scrolls of enchant armour {unknown}
 c - a scroll of teleportation {unknown}
 d - a scroll of identify {unknown}
 e - a scroll of remove curse {unknown}
 f - a scroll of immolation {unknown}
 g - a scroll of blinking {unknown}
 h - a scroll of fog {unknown}
Comestibles
 b - 5 rations


   Skills:
 * Level 1.2 Fighting
 + Level 2.8 Dodging
 + Level 4.6 Stealth
 * Level 1.8 Unarmed Combat
 + Level 2.2 Spellcasting
 + Level 5.0 Hexes


You had 2 spell levels left.
You knew the following spells:

 Your Spells              Type           Power        Failure   Level  Hunger
a - Corona                Hex            ###....      2%          1    #......
b - Confuse               Hex            ###.....     8%          3    ###....

Your spell library contained the following spells:

 Spells                   Type           Power        Failure   Level  Hunger
 Ensorcelled Hibernation  Hex/Ice        #.....       11%         2    ###....
 Tukima's Dance           Hex            ###.....     8%          3    ###....
 Dazzling Spray           Conj/Hex       #.....       22%         3    ###....


Dungeon Overview and Level Annotations

Branches:
Dungeon (2/15)

Altars:


Innate Abilities, Weirdness & Mutations

You cannot wear armour.
You are incapable of wielding weapons or throwing items.
Your paws allow you to move quietly. (Stealth)
You have sharp claws.
You have razor-sharp teeth.
You have supernaturally acute eyesight. (SInv)
You are carnivorous and can eat meat at any time.
You cover ground quickly.
You are covered in fur. (AC +1)
You have a slow metabolism.
Your sharp claws are effective at attacking unaware monsters.


Message History

You are more poisoned.
You are too injured to fight recklessly!
You are too injured to fight recklessly!
You are too injured to fight recklessly!
You feel sick.
You feel sick.
* * * LOW HITPOINT WARNING * * *
You feel sick.
Casting: Corona (safe; 2% risk of failure)
Confirm with . or Enter, or press ? or * to list all spells.
Aiming: Confuse (safe; 8% risk of failure)
Press: ? - help, Shift-Dir - straight line, f - adder
Aim: an adder (chance to defeat MR: 56%)
The adder appears confused.
* * * LOW HITPOINT WARNING * * *
You feel sick.
You aren't carrying any potions.
* * * LOW HITPOINT WARNING * * *
You feel sick.
You die...

########## # #........#
## #.######.# ###. #.#
#.# #... #.# #.# #.#. #.#
##.## #.## #.#
###...#####.## #.#
#<............ #@#
#.#...#####.##
##########.# #.##.## #.#
#.......##.###.##.# #.#
#.#####.##S##..##.# #.#
#.# #.##g...>...######)#
#.# #.....#............#
#.# #....)..#.##########
#.#####..............#
####.................##.#


You could see an adder (confused) and a goblin.

Vanquished Creatures
  An adder (D:2)
  2 dart slugs (D:1)
  2 leopard geckos (D:1)
  2 giant cockroaches (D:1)
  7 goblins
  8 hobgoblins
  A quokka (D:2)
  2 bats (D:2)
  2 frilled lizards
  6 kobolds
  4 rats
37 creatures vanquished.

Vanquished Creatures (others)
  4 toadstools (D:1)
4 creatures vanquished.

Grand Total: 41 creatures vanquished

Notes
Turn   | Place    | Note
-------+----------+-------------------------------------------
     0 | D:1      | vuolankoinen the Felid Enchanter began the quest for the
                  | Orb.
     0 | D:1      | Reached XP level 1. HP: 7/7 MP: 4/4
   532 | D:1      | Reached XP level 2. HP: 9/12 MP: 6/6
  1044 | D:1      | Reached skill level 1 in Fighting
  1202 | D:1      | Reached XP level 3. HP: 15/15 MP: 7/7
  1232 | D:1      | Learned a level 3 spell: Confuse
  1870 | D:2      | Reached skill level 5 in Hexes
  2061 | D:2      | Succumbed to a goblin's poison

Skill      XL: |  1  2  3 |
---------------+----------+-----
Fighting       | 1 |  1.2
Hexes          | 5 |  5.0
Dodging        | |  2.8
Stealth        | |  4.6
Unarmed Combat | |  1.8
Spellcasting   | |  2.2

Action                   || total
-------------------------++-------
Melee: Unarmed           ||   129
       Bite              ||    11
 Cast: Corona            ||     8
       Confuse           ||     4
 Stab: Sleeping          ||    14
       Confused          ||     1
  Eat: Chunk             ||    10
Armor: Skin              ||     2
Dodge: Dodged            ||    76
